 Dungeon Crawl Stone Soup version 0.18-a0-1572-g0a86841 (webtiles) character file.

1450 namelastname112 the Martial Artist (level 8, -15/63 HPs)
             Began as a Yellow Draconian Monk on Mar 15, 2016.
             Was an Initiate of Ru.
             Demolished by a hill giant
             ... wielding a +0 giant spiked club
              (42 damage)
             ... on level 9 of the Dungeon.
             The game lasted 00:08:03 (5943 turns).

namelastname112 the Martial Artist (DrMo)           Turns: 5943, Time: 00:08:03

Health: -15/63     AC:  7    Str: 13    XL:     8   Next: 47%
Magic:  8/8        EV: 13    Int: 11    God:    Ru [......]
Gold:   401        SH:  0    Dex: 16    Spells: 0 memorised, 7 levels left

rFire  + . .     SeeInvis .       - Unarmed
rCold  . . .     Gourm    .     (armour unavailable)
rNeg   . . .     Faith    .     (no shield)
rPois  .         Spirit   .     (helmet restricted)
rElec  .         Dismiss  .     p - +0 cloak {MR+}
rCorr  +         Reflect  .     (no gloves)
SustAt .         Harm     .     (no boots)
MR     +....                    (no amulet)
Stlth  ..........               r - ring of protection from fire
                                m - +3 ring of slaying

@: somewhat resistant to hostile enchantments, extremely unstealthy
A: spit acid, acid resistance, unfitting armour, horns 1, cold-blooded, no
stealth, AC +6
a: Spit Acid, Renounce Religion


You were on level 9 of the Dungeon.
You worshipped Ru.
Ru was noncommittal.
You were very hungry.

You visited 2 branches of the dungeon, and saw 9 of its levels.

You collected 401 gold pieces.

Inventory:

Armour
 p - a +0 cloak of magic resistance (worn)
Jewellery
 m - a +3 ring of slaying (left hand)
 r - a ring of protection from fire (right hand)
Scrolls
 d - a scroll of recharging {unknown}
 e - a scroll of blinking {unknown}
 g - 2 scrolls of remove curse {unknown}
 h - a scroll of noise {unknown}
 j - 3 scrolls of teleportation {unknown}
 o - a scroll of enchant armour {unknown}
 q - a scroll of immolation {unknown}
 s - a scroll of magic mapping {unknown}
 t - 2 scrolls of enchant weapon {unknown}
 w - a scroll of acquirement {unknown}
 y - a scroll of identify
Potions
 b - 2 potions of lignification
 i - a potion of cancellation
 l - 2 potions of resistance
 n - a potion of berserk rage {unknown}
 u - a potion of brilliance {unknown}
 x - a potion of agility
 z - a potion of flight {unknown}
Comestibles
 a - 4 bread rations
 c - 4 beef jerkies
 f - 4 meat rations
 k - 5 fruits
 v - a slice of pizza


   Skills:
 - Level 3.2 Fighting
 - Level 2.6 Dodging
 + Level 11.1 Unarmed Combat


You had 7 spell levels left.
You didn't know any spells.

Dungeon Overview and Level Annotations

Branches:
Dungeon (7/15)             Temple (1/1) D:5

Altars:
Ashenzari
Cheibriados
Dithmenos
Elyvilon
Fedhas
Gozag
Kikubaaqudgha
Makhleb
Nemelex Xobeh
Okawaru
Pakellas
Qazlal
Ru
Sif Muna
Trog
Vehumet
Xom
Yredelemnul
Zin
The Shining One


Innate Abilities, Weirdness & Mutations

You can spit globs of acid.
You are resistant to acid.
Your golden yellow scales are hard (AC +6).
Your body does not fit into most forms of armour.
You are cold-blooded and may be slowed by cold attacks.
You cannot be stealthy.
You have a pair of small horns on your head.


Message History

Ru believes you are ready to make a new sacrifice.
The giant frog closely misses you.
A jelly comes into view.
The jelly quivers.
The giant frog hits you but does no damage.
Do you really want to reject the sacrifices Ru is offering?
Ru will take longer to evaluate your readiness.
The giant frog hits you but does no damage.
The giant frog hits you! The giant frog misses you.
The orc priest looks braver for a moment.
The giant frog hits you. The jelly misses you.
The orc priest mumbles some strange prayers to Beogh against you.
Beogh smites you! The giant frog barely misses you. The giant frog misses you.
The giant frog hits you.
An adder comes into view.
The hill giant hits you with a giant spiked club!!!
Ouch! That really hurt!
You die...

........#............#
...###..##.####.##...#
.. #..##+####.##...##
. .... #..o..o....#
.... #...o......#
+.o..O.....#
#.J........#
#.FC.......#
##@####+#### #.# ...
..... .......
.....##.. ......# ..S
........ ...


You could see a hill giant, an ogre, a giant frog, a jelly, an orc priest, an
orc wizard, an adder and 2 orcs.

Vanquished Creatures
  The ghost of nublet the Grave Robber, an amateur DENe (D:4)
  A necrophage (D:5)
  An ice beast (D:5)
  An ogre (Temple)
  A centaur (D:7)
  2 giant frogs (D:7)
  3 scorpions
  A water moccasin skeleton (D:7)
  A howler monkey (D:6)
  2 giant frog zombies
  4 hounds
  3 centaur skeletons
  3 orc wizards (D:5)
  Crazy Yiuf (D:4)
  An iguana (D:7)
  2 worker ants
  A worker ant zombie (D:7)
  11 adders
  An ooze (D:4)
  An adder skeleton (D:5)
  A worm (D:2)
  3 dart slugs
  3 giant geckos
  9 orcs
  A giant cockroach (D:3)
  5 goblins
  4 hobgoblins
  6 jackals
  4 quokkas
  A ball python (D:1)
  5 bats
  3 giant gecko skeletons
  4 giant newts
  4 kobolds
  A quokka skeleton (D:4)
  A quokka zombie (D:7)
  8 rats
105 creatures vanquished.

Notes
Turn   | Place    | Note
--------------------------------------------------------------
     0 | D:1      | namelastname112 the Draconian Monk began the quest for the Orb.
     0 | D:1      | Reached XP level 1. HP: 19/19 MP: 1/1
     0 | D:1      | Noticed an iron dragon
     2 | D:1      | Noticed a tentacled monstrosity
     4 | D:1      | Noticed a large abomination
     5 | D:1      | Noticed an orb of fire
     6 | D:1      | Noticed a purple draconian
     8 | D:1      | Noticed a shadow dragon
     9 | D:1      | Noticed a shadow dragon
    11 | D:1      | Noticed an orb of fire
    11 | D:1      | Noticed a shadow dragon
    13 | D:1      | Noticed an ice dragon
    13 | D:1      | Noticed a tentacled monstrosity
    15 | D:1      | Noticed an orb of fire
    15 | D:1      | Noticed a tentacled monstrosity
    15 | D:1      | Noticed a large abomination
    17 | D:1      | Noticed an orb of fire
    19 | D:1      | Noticed a shadow dragon
   394 | D:1      | Reached XP level 2. HP: 26/26 MP: 2/2
   869 | D:1      | Reached skill level 5 in Unarmed Combat
   869 | D:1      | Reached XP level 3. HP: 31/31 MP: 3/3
  1672 | D:3      | Reached XP level 4. HP: 31/38 MP: 4/4
  2571 | D:4      | Noticed Crazy Yiuf
  2581 | D:4      | Killed Crazy Yiuf
  2581 | D:4      | Reached skill level 6 in Unarmed Combat
  2968 | D:4      | Reached XP level 5. HP: 36/45 MP: 5/5
  3094 | D:4      | Noticed nublet's ghost (amateur DENe)
  3101 | D:4      | Killed nublet's ghost
  3101 | D:4      | Reached skill level 7 in Unarmed Combat
  3101 | D:4      | Reached XP level 6. HP: 45/51 MP: 6/6
  3586 | D:4      | Reached skill level 8 in Unarmed Combat
  3742 | D:5      | Entered Level 5 of the Dungeon
  3748 | D:5      | Found a staircase to the Ecumenical Temple.
  3761 | Temple   | Entered the Ecumenical Temple
  3894 | D:5      | Noticed an ice beast
  3953 | D:5      | Your scales start taking on a golden yellow colour.
  3953 | D:5      | Reached XP level 7. HP: 16/57 MP: 7/7
  3983 | D:5      | Reached skill level 9 in Unarmed Combat
  4361 | Temple   | Became a worshipper of Ru the Awakened
  4369 | Temple   | Gained mutation: You cannot be stealthy. [Ru sacrifice]
  4443 | D:5      | Reached skill level 10 in Unarmed Combat
  4773 | D:5      | Reached XP level 8. HP: 63/63 MP: 8/8
  4776 | D:5      | Gained mutation: You have a pair of small horns on your head. [potion of beneficial mutation]
  4790 | D:5      | Found a basalt altar of Yredelemnul.
  5524 | D:7      | Found an iron altar of Okawaru.
  5600 | D:7      | Reached skill level 11 in Unarmed Combat
  5920 | D:7      | You fall through a shaft for 2 floors!
  5920 | D:9      | Noticed a hill giant
  5943 | D:9      | Demolished by a hill giant

Vault maps used:
D:1:      shiori_arrival_whats_in_store_for_you, interstate_on_off
D:2:      first_bread, kennysheep_potato
D:3:      st_stairs_9
D:4:      uniq_crazy_yiuf_cottage
D:5:      nicolae_overflow_crystal_walls, minmay_temple_entry_mist
D:7:      okawaru_metal_pillars_1_2
D:9:      david_lair_shrubbed, basic_altar, uniq_grum, uniq_maurice
Temple:   kilobyte_greek_temple_18

Skill      XL: |  1  2  3  4  5  6  7  8 |
---------------+-------------------------+-----
Unarmed Combat | 5 6 7 8 10 11 | 11.1
Stealth        | 0 |  0.0
Fighting       | |  3.2
Dodging        | |  2.6

Action                   |  1- 3 |  4- 6 |  7- 9 || total
-------------------------+-------+-------+-------++-------
Melee: Unarmed           |    91 |   118 |   110 ||   319
Invok: Sacrifice Stealth |       |       |     1 ||     1
       Reject Sacrifices |       |       |     1 ||     1
 Abil: Spit Acid         |       |       |     3 ||     3
  Use: Potion            |       |     3 |     3 ||     6
       Scroll            |       |     1 |     5 ||     6
 Stab: Sleeping          |     9 |     3 |       ||    12
  Eat: Chunk             |     2 |     7 |     6 ||    15
